 Dungeon Crawl Stone Soup version 0.28-b1-25-g9875b3fc8c (webtiles) character file.

Game seed: 7215578894286329694

4 cayde69 the Covered (level 1, 18/20 HPs)
             Began as a Minotaur Fighter on Feb 2, 2022.
             Was a Follower of Yredelemnul.
             Quit the game on level 1 of the Dungeon.
             The game lasted 00:00:52 (199 turns).

cayde69 the Covered (Minotaur Fighter)               Turns: 199, Time: 00:00:52

Health: 18/20      AC:  7    Str: 20    XL:     1   Next: 58%
Magic:  0/0        EV:  9    Int:  5    God:    Yredelemnul [*.....]
Gold:   3          SH:  4    Dex:  9    Spells: 0/0 levels left

rFire   . . .      SeeInvis .   a - +0 long sword
rCold   . . .      Faith    .   c - +0 buckler
rNeg    . . .      Spirit   .   b - +0 scale mail
rPois   .          Reflect  .   (helmet restricted)
rElec   .          Harm     .   (no cloak)
rCorr   .          Rampage  .   (no gloves)
Will    .....                   (no boots)
Stlth   ..........              (no amulet)
HPRegen 0.06/turn               (no ring)
MPRegen 0.07/turn               (no ring)

@: no status effects
A: horns 2, retaliatory headbutt
a: Renounce Religion, Recall Undead Harvest


You were on level 1 of the Dungeon.
You worshipped Yredelemnul.
Yredelemnul was noncommittal.
You visited 1 branch of the dungeon, and saw 1 of its levels.

You collected 3 gold pieces.

Inventory:

Hand Weapons
 a - a +0 long sword (weapon)
Armour
 b - a +0 scale mail (worn)
 c - a +0 buckler (worn)
Scrolls
 e - a scroll of blinking {unknown}
 f - a scroll of fog {unknown}
Potions
 d - a potion of might
 g - a potion of flight {unknown}


   Skills:
 + Level 3.7 Fighting
 + Level 2.5 Long Blades
 + Level 3.8 Armour
 + Level 3.7 Shields


You couldn't memorise any spells.
You didn't know any spells.
Your spell library was empty.

Dungeon Overview and Level Annotations

Branches:
Dungeon (1/15)

Altars:
Yredelemnul

Shops:
D:1 *


Innate Abilities, Weirdness & Mutations

You have a pair of horns on your head.
You reflexively headbutt those who attack you in melee.


Message History

No target in view!
Things that are here:
a +0 dagger; 5 stones
g - a sedimented puce potion A frilled lizard comes into view.
Found a robe.
The frilled lizard hisses angrily.
The frilled lizard moves out of view.
A frilled lizard and a quokka come into view.
A quokka comes into view.
Found an escape hatch in the floor.
The frilled lizard barely misses you.
You closely miss the frilled lizard.
Your headbutt misses the frilled lizard.
The frilled lizard closely misses you. You furiously retaliate!
You headbutt the frilled lizard. The frilled lizard bites you.
You block the quokka's attack.
You slash the frilled lizard!
You kill the frilled lizard!
The quokka bites you but does no damage.
You closely miss the quokka. The quokka closely misses you.
You block the quokka's attack.
You hit the quokka.
You kill the quokka!
The quokka bites you but does no damage. x2
You barely miss the quokka. The quokka completely misses you.
You hit the quokka but do no damage. You headbutt the quokka.
The quokka is almost dead.
The quokka misses you. You block the quokka's attack.
You closely miss the quokka. You headbutt the quokka.
You kill the quokka!
No target in view!
No target in view!
You see here a quokka corpse.
Found 10 gold pieces.
There is a faded altar of an unknown god here.
You cannot tell which god this altar belongs to.
Convert to them anyway?
Yredelemnul accepts your prayer! Yredelemnul welcomes you!
You can now reap souls.
You can now recall your undead harvest.
Are you sure you want to abandon this character and quit the game? (Confirm with "yes".)

#........+..#.......#
##...#........).....#
##.........#......#.#
##.....#...#......#.#
######.#...#(.....#.##
# .......)........# #
#.............Z..# #
.......#..#...#..# #
#.......#..#.@.#..# #
###.#..#..Z#..# #
.........Z†.# #
..#[.............# #
.$.....#.......... #
#......#........>. #
#......#.......... #
#......#.......... #
####+###..........


You could see a friendly ball python zombie and 2 friendly adder zombies.

Vanquished Creatures
  2 quokkas (D:1)
  A frilled lizard (D:1)
  2 kobolds (D:1)
5 creatures vanquished.

Notes
Turn   | Place    | Note
-------+----------+-------------------------------------------
     0 | D:1      | cayde69 the Minotaur Fighter began the quest for the Orb.
     0 | D:1      | Reached XP level 1. HP: 19/19 MP: 0/0
    66 | D:1      | Found Letz's Assorted Antiques.
   170 | D:1      | Found a faded altar of an unknown god.
   198 | D:1      | Prayed at the altar of an unknown god.
   198 | D:1      | Became a worshipper of Yredelemnul the Dark
   198 | D:1      | Reached * piety under Yredelemnul
   199 | D:1      | Quit the game

Illustrated notes

Levels and vault maps discovered:
D:1:      zelgadis_glass_arrival_large, layout_basic,
          hellmonk_ecumenical_altar_lost_god, serial_shops, shop

Action                   || total
-------------------------++-------
Melee: Long sword        ||     9
       Headbutt          ||     2
Armor: Scale mail        ||     4
Dodge: Dodged            ||     7
Block: Buckler           ||     4
